 Dungeon Crawl Stone Soup version 0.20.1-1-g8b1a95d (webtiles) character file.

20482 Sesame the Slicer (level 12, -8/105 (106) HPs)
             Began as a Ghoul Fighter on Dec 30, 2017.
             Was a High Priest of Kikubaaqudgha.
             Killed from afar by biblin's ghost (34 damage)
             ... with a fireball
             ... in a volcano.
             The game lasted 01:00:08 (11820 turns).

Sesame the Slicer (Ghoul Fighter)                  Turns: 11820, Time: 01:00:09

HP:   -8/105 (106)  AC: 18    Str: 24    XL:     12   Next: 80%
MP:   16/16         EV:  5    Int: 10    God:    Kikubaaqudgha [*****.]
Gold: 870           SH: 11    Dex:  8    Spells: 2/11 levels left

rFire    . . .     SeeInvis .   a - +2 short sword (elec)
rCold    + . .     Gourm    .   c - +0 shield
rNeg     + + +     Faith    +   Y - +0 plate armour {rPois}
rPois    ∞         Spirit   .   t - +1 hat {Int+3}
rElec    .         Reflect  .   R - +0 cloak
rCorr    .         Harm     .   (no gloves)
MR       .....                  h - +0 pair of boots
Stlth    ..........             k - amulet of faith
Regen    0.0/turn               y - +4 ring of protection {=R}
MPRegen  0.2/turn               w - +3 ring of strength

@: rotting
A: rotting body, claws 1, carnivore 3, cold resistance 1, negative energy
resistance 3, inhibited regeneration, torment resistance, unbreathing
a: Receive Corpses, Torment, Renounce Religion


You were in a volcano.
You worshipped Kikubaaqudgha.
Kikubaaqudgha was extremely pleased with you.
You were not hungry.

You visited 3 branches of the dungeon, and saw 16 of its levels.
You also visited: Volcano.

You collected 870 gold pieces.

Inventory:

Hand Weapons
 a - a +2 short sword of electrocution (weapon)
Missiles
 M - 8 tomahawks of returning (quivered)
Armour
 c - a +0 shield (worn)
 h - a +0 pair of boots (worn)
 t - a +1 hat of intelligence (worn)
 R - a +0 cloak (worn)
 Y - a +0 plate armour of poison resistance (worn)
Jewellery
 k - an amulet of faith (around neck)
 w - a +3 ring of strength (right claw)
 y - a +4 ring of protection (left claw) {=R}
Wands
 b - a wand of scattershot (5/9)
 e - a wand of digging (14/24)
 s - a wand of confusion (18/48)
 u - a wand of flame (21/48)
 x - a wand of digging (9/24)
 z - a wand of acid (8/15)
 P - a wand of acid (7/15)
 V - a wand of paralysis (13/24)
 X - a wand of disintegration (10/24)
Scrolls
 g - 9 scrolls of remove curse
 i - 2 scrolls of identify
 n - 7 scrolls of teleportation
 p - 2 scrolls of fear
 r - 3 scrolls of magic mapping
 v - 2 scrolls of enchant weapon
 J - 2 scrolls of fog
Potions
 d - 2 potions of might
 l - 4 potions of brilliance
 o - a potion of cancellation {unknown}
 q - 3 potions of curing
 B - 3 potions of haste
 E - 3 potions of flight
Books
 U - Kikubaaqudgha's Compendium of Dark Rituals
   (Kikubaaqudgha gifted it to you on level 11 of the Dungeon)

   Spells                             Type                      Level
   a - Animate Dead                   Necromancy                   4
   b - Excruciating Wounds            Charms/Necromancy            5
   c - Dispel Undead                  Necromancy                   5
   d - Simulacrum                     Ice/Necromancy               6
   e - Death Channel                  Necromancy                   6
Comestibles
 f - 7 meat rations
 j - 17 royal jellies
 m - 4 chunks of flesh


   Skills:
 + Level 10.0 Fighting
 - Level 12.0 Short Blades
 - Level 2.6 Armour
 + Level 7.8 Shields
 - Level 8.1 Necromancy
 - Level 7.3 Evocations


You had 2 spell levels left.
You knew the following spells:

 Your Spells              Type           Power        Failure   Level  Hunger
a - Corpse Rot            Necr           N/A          67%         2    ###....
b - Vampiric Draining     Necr           ###.......   88%         3    ####...
q - Animate Dead          Necr           N/A          99%         4    #####..


Dungeon Overview and Level Annotations

Branches:
Dungeon (12/15)            Temple (1/1) D:5            Lair (3/6) D:10
    Orc (0/2) D:10
  Swamp: Lair:2-4    Shoals: Lair:2-4     Snake: Lair:2-4    Spider: Lair:2-4

Altars:
Ashenzari
Cheibriados
Dithmenos
Elyvilon
Fedhas
Gozag
Hepliaklqana
Kikubaaqudgha
Makhleb
Nemelex Xobeh
Okawaru
Qazlal
Ru
Sif Muna
Trog
Uskayaw
Vehumet
Xom
Yredelemnul
Zin
The Shining One

Shops:
D:4 (   D:6 **}}   D:8 (:((

Annotations:
Volcano biblin's ghost, journeyman GrFE


Innate Abilities, Weirdness & Mutations

Your body is rotting away.
You thrive on raw meat.
You are immune to poison.
You have sharp fingernails.
You are carnivorous and can eat meat at any time.
Your flesh is cold resistant. (rC+)
You are immune to negative energy. (rN+++)
You do not regenerate when monsters are visible.
You are immune to unholy pain and torment.
You can survive without breathing.


Message History

Here: biblin's ghost, wielding a weapon of electrocution (black smoke, lava) Some lava.
Biblin's ghost gestures at you while chanting.
The fireball explodes!
The fireball engulfs you!
The fireball engulfs biblin's ghost.
Biblin's ghost resists.
The fireball engulfs the lava snake.
The lava snake completely resists.
The lava snake spits lava at you. The glob of lava hits you!
* * * LOW HITPOINT WARNING * * *
Biblin's ghost waves its arms in wide circles.
The air twists around and strikes you!
* * * LOW HITPOINT WARNING * * *
You block the lava snake's attack. The lava snake spits lava at you.
You block the glob of lava.
Biblin's ghost shrieks, "You must not fail where I succeeded!"
Biblin's ghost gestures at you while chanting.
The fireball explodes!
The fireball engulfs you!
You die...
Kikubaaqudgha rasps: "You have failed me!
Welcome... oblivion!"

§.........# .≈§§≈§≈ ≈
§≈§≈......# .. .≈..§≈§.§≈
≈§§§≈≈......#
≈≈≈≈≈§§≈≈§§..≈≈§§§≈§≈§§.....###
§≈§≈≈≈§≈≈≈≈§§≈≈≈§§§.§.§...∩.∩#
≈≈≈≈≈§§≈≈≈§§≈≈§§§§§§.§...#####
≈≈≈≈§§§≈≈§§≈≈≈≈≈≈§§§§....
≈≈≈≈§§§≈§≈§≈§≈..........
≈≈≈§§§§≈§≈S§.W..@.....#
≈≈§§§§≈≈≈≈≈.........###
....§.........#######
.....§.....#### .##.##...###
##########


You could see a lava snake and biblin's ghost.

Vanquished Creatures
  Gastronok (Lair:3)
  Harold (Lair:1)
  A two-headed ogre (D:11)
  Nergalle (Lair:3)
  Pikel (D:5)
  A cyclops (D:11)
  3 ugly things
  Maurice (D:11)
  Joseph (D:7)
  2 centaur zombies
  A kobold demonologist (D:11)
  A komodo dragon (Lair:1)
  A troll (D:9)
  4 hornets (D:11)
  9 hippogriffs
  A meliai zombie (D:8)
  4 blink frogs (Lair:2)
  7 yaks
  A shadow (D:11)
  A wyvern (D:10)
  A wraith (D:12)
  4 basilisks
  Grum (D:11)
  A hungry ghost (D:6)
  2 soldier ants
  2 acid dragons
  3 water moccasins
  2 porcupines (Lair:1)
  2 hell hounds (Lair:3)
  3 orc warriors
  2 sky beasts
  4 slaves
  4 ice beasts
  2 black bears
  2 wolves (D:11)
  2 eyes of draining (D:11)
  5 ogres
  4 crocodiles
  5 centaurs
  2 big kobolds
  13 bullfrogs
  5 scorpions
  7 killer bees
  An oklob sapling (D:5)
  6 howler monkeys (D:9)
  9 wights
  6 electric eels
  2 lava snakes (Volcano)
  4 crimson imps
  3 hounds
  2 orc priests (D:7)
  6 jellies
  2 bullfrog skeletons
  2 centaur skeletons
  Ijyb (D:4)
  5 iguanas
  14 orc wizards
  5 worker ants
  3 hound zombies
  A hound skeleton (D:4)
  2 worker ant zombies
  8 adders
  A shadow imp (D:10)
  An ooze (D:5)
  2 worms
  3 dart slugs
  A leopard gecko (D:1)
  33 orcs
  2 ball pythons
  8 bats
  4 giant cockroaches
  7 goblins
  4 hobgoblins
  8 jackals
  3 quokkas
  A frilled lizard (D:3)
  A giant cockroach zombie (D:5)
  16 kobolds
  A quokka skeleton (D:7)
  6 rats
  A plant (D:5)
306 creatures vanquished.

Notes
Turn   | Place    | Note
-------+----------+-------------------------------------------
     0 | D:1      | Sesame the Ghoul Fighter began the quest for the Orb.
     0 | D:1      | Reached XP level 1. HP: 19/19 MP: 0/0
    27 | D:1      | Reached skill level 2 in Short Blades
    50 | D:1      | Reached XP level 2. HP: 25/26 MP: 1/1
   573 | D:1      | Reached skill level 3 in Short Blades
   580 | D:1      | Reached XP level 3. HP: 20/31 MP: 2/2
   902 | D:2      | Found an opulent altar of Gozag.
  1297 | D:3      | Noticed a bullfrog
  1316 | D:3      | Killed a bullfrog
  1316 | D:3      | Reached skill level 4 in Short Blades
  1316 | D:3      | Reached XP level 4. HP: 29/38 MP: 3/3
  1324 | D:3      | Reached XP level 5. HP: 35/45 MP: 4/4
  1456 | D:3      | Found a transporter.
  1496 | D:3      | Reached skill level 5 in Short Blades
  1496 | D:3      | Reached skill level 1 in Evocations
  1499 | D:3      | Reached XP level 6. HP: 47/51 MP: 5/5
  1504 | D:3      | Found a transporter.
  2155 | D:4      | Noticed a fire elemental
  2166 | D:4      | Found a stormy altar of Qazlal.
  2167 | D:4      | Noticed a water elemental
  2167 | D:4      | Noticed an air elemental
  2297 | D:4      | Reached skill level 6 in Short Blades
  2306 | D:4      | Found Niyl's Antique Weapon Shoppe.
  2462 | D:4      | Noticed Ijyb
  2479 | D:4      | Killed Ijyb
  2637 | D:4      | Reached XP level 7. HP: 20/56 MP: 7/7
  2811 | D:5      | Entered Level 5 of the Dungeon
  3016 | D:5      | Reached skill level 7 in Short Blades
  3052 | D:5      | Noticed Pikel
  3227 | D:5      | Killed Pikel
  3227 | D:5      | Reached skill level 8 in Short Blades
  3227 | D:5      | Reached XP level 8. HP: 47/63 MP: 7/9
  3945 | D:6      | Found Kuqiog's Gadget Shoppe.
  3946 | D:6      | Found Dagog's Gadget Shoppe.
  3947 | D:6      | Found Fyiv's General Store.
  3947 | D:6      | Found Fitiupe's General Store.
  4011 | D:6      | Found a radiant altar of Vehumet.
  4152 | D:6      | Reached skill level 9 in Short Blades
  4439 | D:6      | Reached XP level 9. HP: 45/70 MP: 10/10
  4448 | D:7      | Noticed Joseph
  4546 | D:7      | Reached skill level 10 in Short Blades
  4935 | D:7      | Killed Joseph
  4935 | D:7      | Reached skill level 11 in Short Blades
  5460 | D:7      | Found a burning altar of Makhleb.
  5539 | D:5      | Found a staircase to the Ecumenical Temple.
  5562 | Temple   | Entered the Ecumenical Temple
  5742 | Temple   | Became a worshipper of Kikubaaqudgha
  5899 | D:8      | Reached XP level 10. HP: 75/75 MP: 12/12
  5980 | D:8      | Found Ibbufum's Antique Weapon Emporium.
  6108 | D:8      | Found Qaenoun's Weapon Boutique.
  6127 | D:8      | Reached skill level 5 in Evocations
  6425 | D:8      | Found a shimmering altar of Xom.
  6427 | D:8      | Found a shimmering altar of Xom.
  6456 | D:8      | Found Cenell's Book Shoppe.
  6471 | D:8      | Found Pumontud's Weapon Shoppe.
  6477 | D:8      | Reached * piety under Kikubaaqudgha
  6477 | D:8      | Identified Kikubaaqudgha's Incunabulum of Evil Rites (Kikubaaqudgha gifted it to you on level 8 of the Dungeon)
  6477 | D:8      | Received a gift from Kikubaaqudgha
  6484 | D:8      | Learned a level 2 spell: Corpse Rot
  6488 | D:8      | Learned a level 3 spell: Vampiric Draining
  6868 | D:9      | Found a snail-covered altar of Cheibriados.
  6924 | D:9      | Reached skill level 12 in Short Blades
  7126 | D:9      | Found a shimmering altar of Xom.
  7545 | D:10     | Entered Level 10 of the Dungeon
  7588 | D:10     | Found a staircase to the Orcish Mines.
  7637 | D:10     | Reached skill level 5 in Fighting
  7644 | D:10     | Reached ** piety under Kikubaaqudgha
  8067 | D:10     | Reached XP level 11. HP: 56/89 MP: 15/15
  8118 | D:10     | Found a staircase to the Lair.
  8645 | D:11     | Noticed a two-headed ogre
  8668 | D:11     | Killed a two-headed ogre
  8675 | D:11     | Noticed a cyan ugly thing
  8700 | D:11     | Killed a cyan ugly thing
  8743 | D:11     | Noticed Maurice
  8769 | D:11     | Killed Maurice
  8769 | D:11     | Reached skill level 1 in Necromancy
  8909 | D:11     | Noticed a purple ugly thing
  8978 | D:11     | Killed a purple ugly thing
  9114 | D:11     | Reached *** piety under Kikubaaqudgha
  9114 | D:11     | Identified Kikubaaqudgha's Compendium of Dark Rituals (Kikubaaqudgha gifted it to you on level 11 of the Dungeon)
  9114 | D:11     | Received a gift from Kikubaaqudgha
  9237 | D:11     | Reached skill level 5 in Necromancy
  9508 | D:11     | Noticed a cyclops
  9517 | D:11     | Killed a cyclops
  9546 | D:11     | Noticed Grum
  9577 | D:11     | Killed Grum
  9581 | D:11     | Reached XP level 12. HP: 35/100 MP: 16/16
  9886 | D:11     | Reached skill level 5 in Shields
  9896 | D:11     | Reached **** piety under Kikubaaqudgha
 10175 | Lair:1   | Entered Level 1 of the Lair of Beasts
 10426 | Lair:1   | Noticed Harold
 10443 | Lair:1   | Killed Harold
 10529 | Lair:1   | Learned a level 4 spell: Animate Dead
 11524 | Lair:3   | Noticed Nergalle
 11536 | Lair:3   | Killed Nergalle
 11556 | Lair:3   | Noticed Gastronok
 11575 | Lair:3   | Killed Gastronok
 11597 | Lair:3   | Reached skill level 10 in Fighting
 11643 | Lair:3   | Reached ***** piety under Kikubaaqudgha
 11648 | Lair:3   | Found a dark tunnel.
 11654 | Volcano  | Entered a volcano
 11802 | Volcano  | Noticed biblin's ghost (journeyman GrFE)
 11820 | Volcano  | Killed from afar by biblin's ghost

Skill      XL: |  1  2  3  4  5  6  7  8  9 10 11 12 |
---------------+-------------------------------------+-----
Short Blades   | 2 3 4 5 6 8 9 11 12 | 12.0
Evocations     | 1 3 4 6 7 |  7.3
Fighting       | 6 7 10 | 10.0
Shields        | 4 7 |  7.8
Necromancy     | 7 8 |  8.1
Armour         | |  2.6

Action                   |  1- 3 |  4- 6 |  7- 9 | 10-12 || total
-------------------------+-------+-------+-------+-------++-------
Melee: Rapier            |   121 |   121 |   415 |       ||   657
       Short sword       |       |       |   181 |  1045 ||  1226
Throw: Tomahawk          |       |     2 |     4 |     5 ||    11
Invok: Receive Corpses   |       |       |       |     1 ||     1
Evoke: Wand              |       |     5 |     6 |     4 ||    15
  Use: Scroll            |     1 |     3 |     3 |    16 ||    23
       Potion            |       |       |     4 |     9 ||    13
 Stab: Confused          |       |       |     1 |       ||     1
       Invisible         |       |       |       |     3 ||     3
  Eat: Chunk             |    12 |     7 |    50 |   101 ||   170
Armor: Scale mail        |    43 |    35 |    90 |       ||   168
       Chain mail        |       |       |   131 |   120 ||   251
       Plate armour      |       |       |       |   295 ||   295
Dodge: Dodged            |    39 |    31 |   100 |   141 ||   311
Block: Shield            |    43 |    30 |   192 |   318 ||   583
